 Dungeon Crawl Stone Soup version 0.27.0-1-g7a089689b8 (webtiles) character file.

Game seed: 8636353431333466334

697 sobakacece the Cleaver (level 7, -6/58 HPs)
             Began as a Minotaur Fighter on Aug 15, 2021.
             Blown up by Ijyb (29 damage)
             ... with a mindburst bolt
             ... on level 4 of the Dungeon.
             The game lasted 00:04:53 (3345 turns).

sobakacece the Cleaver (Minotaur Fighter)           Turns: 3345, Time: 00:04:54

Health: -6/58      AC: 16    Str: 22    XL:     7   Next: 37%
Magic:  6/6        EV:  9    Int:  5    God:
Gold:   133        SH:  9    Dex: 10    Spells: 6/6 levels left

rFire    + . .     SeeInvis .   q - +2 hand axe (elec)
rCold    . . .     Faith    .   c - +0 kite shield
rNeg     . . .     Spirit   .   t - +2 chain mail {rF+}
rPois    .         Reflect  .   (helmet restricted)
rElec    .         Harm     .   (no cloak)
rCorr    .         Rampage  .   (no gloves)
Will     .....                  f - +0 pair of boots
Stlth    ..........             (no amulet)
HPRegen  0.19/turn              j - +4 ring of protection
MPRegen  0.10/turn              l - +4 ring of evasion

@: mighty
A: horns 2, retaliatory headbutt
a: no special abilities


You were on level 4 of the Dungeon.
You visited 1 branch of the dungeon, and saw 4 of its levels.

You collected 133 gold pieces.

Inventory:

Hand Weapons
 a - a +0 war axe of freezing
 q - a +2 hand axe of electrocution (weapon)
Missiles
 p - 2 throwing nets (quivered)
Armour
 b - a +1 scale mail
 c - a +0 kite shield (worn)
 f - a +0 pair of boots (worn)
 t - a +2 chain mail of fire resistance (worn)
Jewellery
 j - a +4 ring of protection (left hand)
 l - a +4 ring of evasion (right hand)
Scrolls
 e - a scroll of vulnerability {unknown}
 g - 6 scrolls of teleportation
 h - a scroll of enchant weapon {unknown}
 i - 2 scrolls of identify
 r - a scroll of brand weapon
Potions
 d - a potion of might
 k - a potion of haste
 m - a potion of flight
 n - 2 potions of curing {unknown}
 o - a potion of heal wounds {unknown}
 s - a potion of ambrosia {unknown}


   Skills:
 - Level 3.9 Fighting
 + Level 9.8 Axes
 - Level 3.8 Armour
 - Level 3.7 Shields


You had 6 spell levels left.
You didn't know any spells.
Your spell library contained the following spells:

 Spells                   Type           Power      Damage    Failure   Level
 Animate Dead             Necr           0%         N/A       100%        4
 Borgnjor's Vile Clutch   Necr/Erth      0%         N/A       100%        5
 Death Channel            Necr           0%         N/A       100%        6


Dungeon Overview and Level Annotations

Branches:
Dungeon (4/15)
 Temple: D:4-7

Altars:
Cheibriados
Xom

Shops:
D:4 :

Annotations:
D:4 Ijyb


Innate Abilities, Weirdness & Mutations

You have a pair of horns on your head.
You reflexively headbutt those who attack you in melee.


Message History

You open the large door.
A giant cockroach and a goblin come into view.
The goblin shouts!
You hear a shout!
Ijyb the Twisted Goblin comes into view.
She is wielding a +0 club and carrying a wand of mindburst (9).
A goblin comes into view.
It is wielding a +2 dagger of holy wrath.
Ijyb shouts!
There is a large open door here.
You block the giant cockroach's attack. The goblin hits you with a +0 dagger.
You closely miss the goblin. Your headbutt misses the goblin.
You hit the giant cockroach but do no damage.
Your shield prevents you from hitting the goblin.
The giant cockroach bites you but does no damage.
You block the goblin's attack. The goblin hits you with a +0 dagger.
You closely miss the goblin. You hit the goblin. You hit the giant cockroach.
Lightning courses through the giant cockroach!
You kill the giant cockroach!
The goblin hits you but does no damage. You block the goblin's attack.
Ijyb zaps a wand.
Your mind is blasted!
Ouch! That really hurt!
You are too injured to fight recklessly!
You are too injured to fight recklessly!
You are too injured to fight recklessly!
You are too injured to fight recklessly!
You are too injured to fight recklessly!
You block the goblin's attack. The goblin hits you but does no damage.
Ijyb hits you with a +0 club.
You see here a giant cockroach corpse.
You aren't carrying any items that you can evoke.
Okay, then.
You feel very mighty all of a sudden.
The goblin hits you but does no damage. x2; You block Ijyb's attack.
You closely miss Ijyb. You closely miss the goblin. You slash the goblin!
You kill the goblin!
You block the goblin's attack. Ijyb hits you but does no damage.
You closely miss Ijyb. You slash the goblin!
Lightning courses through the goblin!
You kill the goblin!
Ijyb zaps a wand.
Your mind is blasted!
Ouch! That really hurt!
You die...

#...#####..≈≈##.
#####.).#..≈≈##.
##+##..'.†.)..≈≈≈#.
#...#..#...#..≈≈≈#.
#...#..#########≈≈.
#...#....).....#≈≈.
#...#....).....'...
#.g.#..........'...
#)@)#..........'...
#...#..........#≈≈#
#''##..#########≈≈#
#......#...#..≈≈≈##
#......'...').≈≈≈#
#......#...#..≈≈##
#################


You could see Ijyb.

Vanquished Creatures
  Edmund (D:4)
  2 necrophages
  A water moccasin skeleton (D:4)
  An orc priest (D:4)
  A hound (D:4)
  An orc wizard (D:4)
  Natasha (twice) (D:3)
  Robin (D:2)
  4 gnolls (D:3)
  6 adders
  4 worms
  2 dart slugs
  4 orcs
  2 bats
  8 endoplasms
  4 giant cockroaches
  15 goblins
  12 hobgoblins
  7 jackals
  4 quokkas
  7 ball pythons
  6 frilled lizards
  6 kobolds
  A quokka skeleton (D:4)
  5 rats
107 creatures vanquished.

Vanquished Creatures (others)
  2 goblins (D:2)
2 creatures vanquished.

Grand Total: 109 creatures vanquished

Notes
Turn   | Place    | Note
-------+----------+-------------------------------------------
     0 | D:1      | sobakacece the Minotaur Fighter began the quest for the
                  | Orb.
     0 | D:1      | Reached XP level 1. HP: 19/19 MP: 0/0
   143 | D:1      | Reached XP level 2. HP: 27/27 MP: 1/1
   151 | D:1      | Found a faded altar of an unknown god.
   365 | D:1      | Reached skill level 3 in Axes
   602 | D:1      | Reached XP level 3. HP: 31/33 MP: 2/2
   780 | D:2      | Reached skill level 4 in Axes
  1383 | D:2      | Noticed Robin
  1397 | D:2      | Reached XP level 4. HP: 24/40 MP: 3/3
  1407 | D:2      | Killed Robin
  1408 | D:2      | Reached skill level 5 in Axes
  2007 | D:3      | Noticed Natasha
  2012 | D:3      | Killed Natasha
  2180 | D:3      | Noticed a necrophage
  2185 | D:3      | Killed a necrophage
  2186 | D:3      | Reached skill level 6 in Axes
  2186 | D:3      | Reached XP level 5. HP: 40/46 MP: 4/4
  2357 | D:3      | Found a snail-covered altar of Cheibriados.
  2443 | D:3      | Noticed Natasha
  2446 | D:3      | You fall into a shaft and drop 1 floor!
  2456 | D:4      | Reached skill level 7 in Axes
  2460 | D:4      | Reached XP level 6. HP: 44/52 MP: 5/5
  2473 | D:3      | Killed Natasha
  2845 | D:3      | Reached skill level 8 in Axes
  2912 | D:3      | Found a shimmering altar of Xom.
  2988 | D:4      | Found Cuymnoll's Self-Improvement Boutique.
  3170 | D:4      | Noticed Edmund
  3189 | D:4      | Killed Edmund
  3190 | D:4      | Reached skill level 9 in Axes
  3190 | D:4      | Reached XP level 7. HP: 49/58 MP: 6/6
  3337 | D:4      | Noticed Ijyb
  3345 | D:4      | Blown up by Ijyb

Illustrated notes

Levels and vault maps discovered:
D:1:      dpeg_arrival_court, layout_basic,
          chequers_ecumenical_altar_simple_redux, minmay_tetromino_i4
D:2:      layout_loops_corners, uniq_robin
D:3:      layout_basic, marbit_many_paths, lemuel_doored_altar, uniq_natasha
D:4:      kennysheep_goblin_castle, layout_rooms, nicolae_shop_self_help,
          uniq_edmund

Skill      XL: |  1  2  3  4  5  6 |
---------------+-------------------+-----
Axes           | 3 4 6 7 9 |  9.8
Fighting       | |  3.9
Armour         | |  3.8
Shields        | |  3.7

Action                   |  1- 3 |  4- 6 |  7- 9 || total
-------------------------+-------+-------+-------++-------
Melee: War axe           |    76 |    84 |       ||   160
       Headbutt          |     8 |    15 |     1 ||    24
       Hand axe          |       |    21 |    14 ||    35
  Use: Potion            |     1 |       |     1 ||     2
       Scroll            |       |     6 |       ||     6
 Stab: Invisible         |     5 |     1 |       ||     6
Armor: Scale mail        |    38 |    43 |     1 ||    82
       Skin              |       |     5 |       ||     5
       Chain mail        |       |       |    10 ||    10
Dodge: Dodged            |    27 |    37 |     4 ||    68
Block: Kite shield       |    47 |    43 |    13 ||   103
